 Dungeon Crawl Stone Soup version 0.29-a0-993-g4a18f31a58 (webtiles) character file.

Game seed: 2721451508297693818

114 vurker the Sneak (level 4, -8/23 HPs)
             Began as a Vine Stalker Enchanter on Aug 2, 2022.
             Killed by nerve-wracking pain
             ... invoked by Grinder
              (10 damage)
             ... on level 4 of the Dungeon.
             The game lasted 00:03:17 (3770 turns).

vurker the Sneak (Vine Stalker Enchanter)           Turns: 3770, Time: 00:03:18

Health: -8/23      AC: 12    Str: 12    XL:     4   Next: 97%
Magic:  0/8        EV:  5    Int: 15    God:
Gold:   184        SH:  0    Dex: 15    Spells: 7/7 levels left

rFire   . . .      SeeInvis .   a - +1 dagger
rCold   . . .      Faith    .   (no shield)
rNeg    . . .      Spirit   +   j - +0 chain mail
rPois   .          Reflect  .   (no helmet)
rElec   .          Harm     .   (no cloak)
rCorr   .          Rampage  .   (no gloves)
Will    .....                   (no boots)
Stlth   ..........              (no amulet)
HPRegen 0.87/turn               n - +4 ring of protection
MPRegen 0.11/turn               (no ring)

@: no status effects
A: fangs 2, regeneration 1, magic shield, antimagic bite, no potion heal 2
a: no special abilities


You were on level 4 of the Dungeon.
You visited 1 branch of the dungeon, and saw 4 of its levels.

You collected 184 gold pieces.

Inventory:

Hand Weapons
 a - a +1 dagger (weapon)
Armour
 j - a +0 chain mail (worn)
   (You found it on level 2 of the Dungeon)
Jewellery
 b - a ring of fire
   (You found it on level 1 of the Dungeon)
 n - a +4 ring of protection (left hand)
   (You found it on level 3 of the Dungeon)
Wands
 d - a wand of iceblast (6)
   (You took it off Ijyb on level 4 of the Dungeon)
Scrolls
 e - 4 scrolls of identify {unknown}
 f - 2 scrolls of teleportation {unknown}
 i - a scroll of magic mapping {unknown}
 l - 2 scrolls of enchant weapon {unknown}
 p - a scroll of brand weapon {unknown}
Potions
 c - 2 potions of invisibility
 g - a potion of magic {unknown}
 h - 3 potions of heal wounds {unknown}
 k - a potion of brilliance {unknown}
 m - a potion of ambrosia {unknown}
 o - 2 potions of cancellation {unknown}


   Skills:
 + Level 1.7 Fighting
 - Level 0.8 Short Blades
 + Level 1.0 Armour
 + Level 2.0 Dodging
 - Level 3.6 Stealth
 * Level 3.0 Unarmed Combat
 - Level 2.1 Spellcasting
 - Level 3.0 Hexes


You had 7 spell levels left.
You didn't know any spells.
Your spell library contained the following spells:

 Spells                   Type           Power      Damage    Failure   Level
 Ensorcelled Hibernation  Hex/Ice        12%        N/A       100%        2
 Static Discharge         Conj/Air       1%         3-4/arc   100%        2
 Confusing Touch          Hex            10%        N/A       100%        3
 Dazzling Flash           Conj/Hex       12%        N/A       100%        3
 Tukima's Dance           Hex            10%        N/A       100%        3
 Dispel Undead            Necr           1%         3d6       100%        4
 Sticky Flame             Conj/Fire      1%         2d3       100%        4


Dungeon Overview and Level Annotations

Branches:
Dungeon (4/15)
 Temple: D:4-7

Altars:
Ashenzari
Gozag
Hepliaklqana

Annotations:
D:4 Grinder


Innate Abilities, Weirdness & Mutations

You have extremely sharp teeth.
Your natural rate of healing is unusually fast.
When hurt, damage is shared between your health and your magic reserves.
Your bite disrupts and absorbs the magic of your enemies.
Potions cannot restore your health.


Message History

You barely miss Ijyb. Your bite misses Ijyb. Ijyb hits you but does no damage.
You hit Ijyb. Ijyb hits you with a +0 club.
You barely miss Ijyb. Ijyb barely misses you.
You hit Ijyb. You bite Ijyb. You drain her power.
You feel invigorated. Ijyb hits you with a +0 club.
You hit Ijyb but do no damage. Ijyb hits you but does no damage.
You barely miss Ijyb. You bite Ijyb. You drain her power.
Ijyb hits you but does no damage.
You hit Ijyb.
You kill Ijyb!
Your Armour skill increases to level 1!
Your Dodging skill increases to level 2!
Your Unarmed Combat skill increases to level 3!
You now have 184 gold pieces (gained 13).
Things that are here:
a +0 dagger; a goblin corpse
d - a wand of iceblast (6);
p - a scroll labelled QEONURCH DOUCHI
o - 2 red potions (gained 1)
l - 2 scrolls labelled DUMIBLIUVY (gained 1)
Things that are here:
a +0 club; a +0 scale mail of positive energy; the goblin corpse of Ijyb Grinder comes into view.
Found a stone staircase leading up.
Grinder gestures at you.
You suddenly lose the ability to move!
Grinder blinks!
Grinder hits you but does no damage. Grinder hits you but does no damage.
You can move again.
Unknown command.
You hit Grinder but do no damage. You bite Grinder, but do no damage.
Grinder hits you but does no damage.
You closely miss Grinder. Your bite misses Grinder.
Grinder blinks!
You hit Grinder. Grinder hits you but does no damage.
You hit Grinder. You bite Grinder, but do no damage. Grinder hits you.
You writhe in agony.
You hit Grinder. Your bite misses Grinder. Grinder gestures at you.
Pain shoots through your body!
* * * LOW HITPOINT WARNING * * *
You closely miss Grinder. Grinder hits you.
* * * LOW HITPOINT WARNING * * *
You writhe in agony.
* * * LOW HITPOINT WARNING * * *
You hit Grinder but do no damage. You punch Grinder.
Grinder hits you but does no damage.
You barely miss Grinder. You bite Grinder, but do no damage.
Grinder gestures at you. Pain shoots through your body!
You die...

########....###.#
#..### #.# ##..#
#.# #...# #.# #
#.#.#####.# #<
...#....#.. ..
#..######.#.# .#
#..# #.#.###.#
#..# #....@..#
..# ###.##5.# ..
#≈§≈≈≈.#
#≈###≈... ..+
..### .§# ≈##
#.≈§ # #§.§ ..


You could see Grinder.

Vanquished Creatures
  Ijyb (D:4)
  An adder (D:2)
  A worm (D:3)
  2 dart slugs (D:3)
  An orc (D:3)
  5 ball pythons
  3 endoplasms
  2 giant cockroaches (D:3)
  14 goblins
  10 hobgoblins
  4 jackals (D:1)
  7 kobolds
  5 quokkas
  2 bats
  2 frilled lizards
  3 rats (D:2)
63 creatures vanquished.

Vanquished Creatures (others)
  A goblin (D:4)
1 creature vanquished.

Grand Total: 64 creatures vanquished

Notes
Turn   | Place    | Note
-------+----------+-------------------------------------------
     0 | D:1      | vurker the Vine Stalker Enchanter began the quest for the
                  | Orb.
     0 | D:1      | Reached XP level 1. HP: 9/9 MP: 4/4
   389 | D:1      | Reached skill level 1 in Unarmed Combat
   405 | D:1      | Reached XP level 2. HP: 14/14 MP: 6/6
   735 | D:1      | Found a faded altar of an unknown god.
  1253 | D:2      | Reached skill level 1 in Fighting
  1511 | D:2      | Found an opulent altar of Gozag.
  1703 | D:2      | Reached XP level 3. HP: 10/18 MP: 3/7
  2545 | D:2      | Gained mutation: Your natural rate of healing is unusually
                  | fast. [Vine Stalker growth]
  2545 | D:2      | Reached XP level 4. HP: 11/22 MP: 4/8
  3462 | D:3      | Found a broken altar of Ashenzari.
  3648 | D:4      | Found a hazy altar of Hepliaklqana.
  3700 | D:4      | Noticed Ijyb
  3724 | D:4      | Killed Ijyb
  3725 | D:4      | Reached skill level 1 in Armour
  3757 | D:4      | Noticed Grinder
  3758 | D:4      | Paralysed by Grinder for 5 turns
  3768 | D:4      | HP: 1/23 [Grinder (3)]
  3770 | D:4      | Killed from afar by Grinder

Illustrated notes

Levels and vault maps discovered:
D:1:      psy_arrival_whirlpool, layout_basic,
          shapermc_ecumenical_altar_starsandcircs
D:2:      cheibrodos_greedy_goblins, layout_basic, basic_altar,
          minmay_strange_pillars
D:3:      layout_basic, ashenzari_altar_1, nrook_loot_triangle,
          kennysheep_generic_room_6
D:4:      kennysheep_the_goblin_king, layout_rooms, lemuel_round_altar,
          kennysheep_mini_moat, okawaru_ov_weapons_minmay, uniq_grinder

Skill      XL: |  1  2  3  4 |
---------------+-------------+-----
Unarmed Combat | 1 2 3 |  3.0
Fighting       | 1 |  1.7
Armour         | 1 |  1.0
Dodging        | 2 |  2.0
Short Blades   | |  0.8
Stealth        | |  3.6
Spellcasting   | |  2.1
Hexes          | |  3.0

Action                   |  1- 3 |  4- 6 || total
-------------------------+-------+-------++-------
Melee: Dagger            |   145 |   100 ||   245
       Bite              |    33 |    31 ||    64
       Punch             |       |     7 ||     7
 Stab: Sleeping          |     2 |       ||     2
Armor: Scale mail        |    21 |       ||    21
       Robe              |     2 |       ||     2
       Chain mail        |    46 |    49 ||    95
Dodge: Dodged            |    47 |    23 ||    70

Table legend: (Time is in decaauts)
 A = Elapsed time spent in this place.
 B = Non-inter-level travel time spent in this place.
 C = Inter-level travel time spent in this place.
 D = Time resting spent in this place.
 E = Time spent auto-exploring this place.
 F = Levels seen in this place.
 G = Mean time per level.
                   A        B        C        D        E       F      G
               +--------+--------+--------+--------+--------+-----+--------+
         Total |   3760 |   3621 |    139 |      0 |   3064 |   4 |  940.0 |
       Dungeon |   3760 |   3621 |    139 |      0 |   3064 |   4 |  940.0 |
               +--------+--------+--------+--------+--------+-----+--------+

Top non-repeatable levels by time:
     D:2: 1540 daAuts
     D:1: 1215 daAuts
     D:3: 869 daAuts
     D:4: 136 daAuts
